Map: Darkness Sanctuary LE

Players

Jason - Winner!

  • Race: Terran Terran
  • League: Grandmaster
  • Spawn Location: 5:00

Rob

  • Race: Protoss Protoss
  • League: Grandmaster
  • Spawn Location: 1:00

VOD

Have the link to the VOD?

Description

Time

  • Played on: May 14, 2019, 1:44 p.m.
  • Length: 4:30
Show
View Real Time Build Order
Export as new Build Order

Jason Terran - Winner!

Build Orders:  

Get SALT Encoding   

  12  0:00  SCV  
  13  0:12  SCV  
  14  0:18  Supply Depot  
  14  0:25  SCV  
  15  0:29  Refinery  
  15  0:39  SCV  
  16  0:45  Barracks  
  16  0:51  SCV  
  17  1:03  SCV  
  19  1:22  Barracks  
  19  1:23  Barracks  
  18  1:30  Refinery  
  18  1:38  Reaper  
  19  1:43  Supply Depot  
  19  1:55  Bunker  
  19  2:09  Reaper  
  19  2:10  Reaper  
  21  2:18  Reaper  
  22  2:27  Engineering Bay  
  22  2:42  Reaper  
  23  2:44  Reaper  
  24  2:57  Reaper  
  24  3:14  Reaper  
  24  3:16  Reaper  
  24  3:17  Orbital Command  
  26  3:29  Reaper  
  27  3:46  Reaper  
  28  3:50  Reaper  
  28  3:54  Supply Depot  
Show
View Real Time Build Order
Export as new Build Order

Rob Protoss 

Build Orders: Nexus First 

Get SALT Encoding   

  12  0:00  Probe  
  13  0:12  Probe  
  14  0:17  Pylon  
  14  0:23  Probe  
  15  0:31  Probe  
  15  0:39  Probe  
  17  0:53  Probe  
  18  1:03  Nexus  
  18  1:09  Gateway  
  18  1:12  Probe  
  18  1:17  Assimilator  
  19  1:23  Assimilator  
  19  1:25  Probe  
  20  1:37  Probe  
  21  1:51  Zealot  
  22  1:57  Cybernetics Core  
  23  2:14  Probe  
  23  2:15  Probe  
  25  2:24  Adept  
  25  2:26  Probe  
  25  2:27  Probe  
  29  2:40  Probe x2  
  30  2:52  Probe  
  30  2:53  Probe  
  30  2:56  Adept  
  34  3:10  Shield Battery  
  34  3:17  Stalker  
  28  3:20  Pylon, Gateway x2  
  28  3:24  Shield Battery  
  28  3:30  Probe  
  26  3:42  Stalker  
Tags
 
Add a new tag
Caveats
  • Supply blocks, unpowered buildings, or Contaminate may cause inaccurate times.
  • Supply counts are checked every 10 seconds.